AoeStats
← Chiripa605

Hill Fort

504305360Analyzed
4v4 RM · 28d ago on Sep 4, 2026· 46m 25s· 8 players
Game mode
Random Map
Map size
Large (8 player)
Population
200
Speed
Normal
Resources
Standard
Victory
Conquest
Starting age
Dark Age
Ending age
Imperial Age
RankedLock teamsTeams togetherTeam positionsShared explorationLock speedFull tech treeHidden civsTurbo modeCheats
Victory
Defeat
🇺🇸 Britons · United States
1204
+16
🇬🇧 Poles · United Kingdom
1196
+16
🇦🇷 Teutons · Argentina
1189
+16
🇬🇹 Bohemians · Guatemala
1188
+16
🇫🇷 Poles · France
1242
-18
🇨🇴 Persians · Colombia
1225
-17
🇪🇸 Lithuanians · Spain
1162
-15
🇬🇹 Koreans · Guatemala
1151
-14
Tappia5863
7:42 Loom
10:05 Feudal Age
11:15 Double-Bit Axe
12:10 Horse Collar
17:11 Wheelbarrow
22:53 Castle Age
24:08 Hand Cart
24:13 Bow Saw
24:34 Heavy Plow
26:13 Fervor
27:23 Wagenburg Tactics
30:32 Chemistry
32:09 Fletching
35:34 Imperial Age
34:41 Squires
35:20 Ballistics
35:11 Masonry
35:04 Pikeman
36:48 Conscription
36:00 Elite Hussite Wagon
37:19 Bodkin Arrow
37:50 Siege Engineers
37:28 Halberdier
39:04 Treadmill Crane
39:25 Scale Mail Armor
39:36 Forging
39:29 Bracer
40:19 Guilds
40:10 Caravan
41:56 Iron Casting
41:36 Chain Mail Armor
44:38 Blast Furnace
44:08 Plate Mail Armor
44:09 Houfnice
46:00 Arson
Chiripa605
7:17 Loom
9:36 Feudal Age
10:11 Double-Bit Axe
17:02 Fletching
19:36 Horse Collar
25:01 Castle Age
23:36 Padded Archer Armor
25:40 Bodkin Arrow
25:08 Crossbowman
26:19 Bow Saw
29:15 Ballistics
29:57 Wheelbarrow
31:29 Leather Archer Armor
33:51 Heavy Plow
40:37 Imperial Age
38:53 Gold Mining
39:42 Hand Cart
40:49 Scale Mail Armor
41:26 Bracer
40:59 Arbalester
43:12 Chemistry
42:42 Conscription
43:27 Ring Archer Armor
44:16 Yeomen
45:23 Two-Man Saw
43:51 Pikeman
44:31 Squires
46:35 Town Watch
zoibe
11:32 Feudal Age
12:01 Double-Bit Axe
12:26 Horse Collar
20:01 Castle Age
18:21 Stone Mining
19:00 Bloodlines
19:04 Forging
20:22 Scale Barding Armor
21:04 Bow Saw
21:03 Heavy Plow
21:46 Loom
25:26 Wheelbarrow
26:47 Hand Cart
26:52 Szlachta Privileges
26:57 Town Watch
30:09 Chain Barding Armor
30:24 Iron Casting
31:13 Husbandry
31:44 Gold Mining
37:10 Hand Cart
41:51 Imperial Age
41:58 Masonry
42:20 Cavalier
47:09 Conscription
Chaneitor
4:01 Loom
11:56 Feudal Age
16:19 Castle Age
15:38 Double-Bit Axe
16:17 Scale Barding Armor
18:35 Forging
20:02 Town Watch
23:32 Bloodlines
27:17 Chain Barding Armor
27:33 Iron Casting
27:45 Wheelbarrow
27:11 Town Patrol
28:42 Iron Casting
29:23 Horse Collar
30:55 Fletching
36:26 Imperial Age
35:02 Pikeman
35:43 Squires
35:29 Gambesons
35:55 Scale Mail Armor
36:00 Pikeman
38:10 Chemistry
37:16 Siege Engineers
37:29 Chain Mail Armor
38:15 Blast Furnace
37:20 Halberdier
39:18 Plate Mail Armor
40:14 Hand Cart
39:55 Bodkin Arrow
41:29 Conscription
41:39 Elite Teutonic Knight
43:11 Arson
CazadorGT
11:03 Feudal Age
13:39 Loom
16:25 Castle Age
14:27 Double-Bit Axe
16:53 Horse Collar
17:30 Bow Saw
18:49 Wheelbarrow
20:18 Fletching
24:00 Town Watch
25:03 Bodkin Arrow
26:41 Husbandry
31:34 Forging
36:04 Imperial Age
33:50 Squires
34:31 Gold Mining
36:12 Elite Fire Lancer
37:28 Scale Mail Armor
41:52 Iron Casting
43:02 Chain Mail Armor
42:47 Bracer
43:29 Hand Cart
Juan_DavidMLL
10:06 Feudal Age
12:36 Loom
16:05 Castle Age
14:06 Double-Bit Axe
16:56 Bow Saw
17:23 Horse Collar
25:58 Wheelbarrow
28:19 Scale Barding Armor
28:28 Heavy Plow
30:02 Chain Barding Armor
30:08 Bloodlines
32:10 Forging
32:52 Gold Mining
32:53 Stone Mining
35:07 Iron Casting
36:25 Gold Shaft Mining
36:30 Stone Shaft Mining
36:19 Husbandry
38:46 Light Cavalry
42:55 Imperial Age
40:45 Hand Cart
40:56 Hand Cart
40:27 Town Watch
43:53 Plate Barding Armor
42:40 Hussar
46:31 Blast Furnace
Piquerito
8:49 Feudal Age
7:31 Loom
9:42 Double-Bit Axe
13:06 Fletching
21:58 Castle Age
24:57 Horse Collar
29:19 Bow Saw
29:16 Heavy Plow
30:37 Wheelbarrow
32:49 Bodkin Arrow
35:58 Szlachta Privileges
36:34 Husbandry
36:45 Bloodlines
38:02 Scale Barding Armor
38:08 Forging
39:35 Chain Barding Armor
pituarthax
10:25 Feudal Age
11:38 Double-Bit Axe
13:16 Loom
15:47 Castle Age
13:54 Horse Collar
15:46 Wheelbarrow
17:06 Bow Saw
16:58 Heavy Plow
17:43 Town Watch
21:54 Hand Cart
22:14 Gold Mining
24:20 Pikeman
31:22 Imperial Age
29:05 Bloodlines
29:50 Forging
29:45 Scale Barding Armor
30:01 Husbandry
30:56 Stone Mining
32:35 Crop Rotation
33:19 Two-Man Saw
32:02 Cavalier
33:36 Stone Shaft Mining
33:34 Fletching
33:45 Padded Archer Armor
35:15 Town Patrol
37:00 Iron Casting
36:46 Chain Barding Armor
39:26 Conscription
40:18 Plate Barding Armor
40:14 Squires
40:00 Arson
Connection lost

Rejoining the realm…

Still unreachable

The connection could not be restored.

Session expired

The server has moved on; the page needs a fresh start.